 Dungeon Crawl Stone Soup version 0.23-a0-8-gb809bb7 (webtiles) character file.

111 Gorice the Firebug (level 4, 0/36 HPs)
             Began as a Deep Elf Fire Elementalist on Aug 1, 2018.
             Slain by a quasit (2 damage)
             ... on level 3 of the Dungeon.
             The game lasted 00:09:14 (2368 turns).

Gorice the Firebug (Deep Elf Fire Elementalist)     Turns: 2368, Time: 00:09:15

Health: 0/36       AC:  2    Str: 12      XL:     4   Next: 62%
Magic:  11/11      EV: 11    Int: 21      God:
Gold:   138        SH:  0    Dex:  2 (15) Spells: 4/10 levels left

rFire    . . .     SeeInvis .   a - +1 hand axe (flame)
rCold    . . .     Gourm    .   (no shield)
rNeg     . . .     Faith    .   f - +0 robe
rPois    .         Spirit   .   (no helmet)
rElec    .         Reflect  .   (no cloak)
rCorr    .         Harm     .   (no gloves)
MR       +....                  (no boots)
Stlth    ..........             (no amulet)
HPRegen  0.12/turn              h - +2 ring of strength
MPRegen  0.12/turn              m - ring of protection from magic

@: berserking, very quick
A: no striking features
a: no special abilities


You were on level 3 of the Dungeon.
You were hungry.

You visited 1 branch of the dungeon, and saw 3 of its levels.

You collected 138 gold pieces.

Inventory:

Hand Weapons
 a - a +1 hand axe of flaming (weapon)
   (You found it on level 1 of the Dungeon)
Missiles
 j - 37 sling bullets
 Y - 84 stones (quivered)
Armour
 f - a +0 robe (worn)
Jewellery
 h - a +2 ring of strength (left hand)
 i - an uncursed ring of see invisible
 m - a ring of protection from magic (right hand)
Scrolls
 k - 2 scrolls of remove curse
 l - a scroll of amnesia
Potions
 d - a potion of berserk rage
 e - a potion of lignification {unknown}
Comestibles
 c - 3 rations
 g - 2 chunks of flesh


   Skills:
 - Level 2.4 Dodging
 - Level 2.4 Stealth
 + Level 3.6 Spellcasting
 * Level 3.9 Conjurations
 * Level 4.1 Fire Magic


You had 4 spell levels left.
You knew the following spells:

 Your Spells              Type           Power        Failure   Level  Hunger
a - Flame Tongue          Conj/Fire      ###..        2%          1    None
b - Throw Flame           Conj/Fire      ###...       3%          2    ##.....
c - Conjure Flame         Conj/Fire      ###.....     7%          3    ###....

Your spell library contained the following spells:

 Spells                   Type           Power        Failure   Level  Hunger
 Fireball                 Conj/Fire      ###.......   54%         5    ######.
 Sticky Flame             Conj/Fire      ###.....     24%         4    ####...
 Inner Flame              Hex/Fire       ##......     16%         3    ###....


Dungeon Overview and Level Annotations

Branches:
Dungeon (3/15)

Altars:


Message History

Damage: 2 (max 4)
The quasit closely misses you. The quasit claws you.
* * * LOW HITPOINT WARNING * * *
The quasit claws you but does no damage.
Damage: 1 (max 4)
The quasit closely misses you.
The quasit claws you but does no damage.
The quasit barely misses you. The quasit bites you.
* * * LOW HITPOINT WARNING * * *
The quasit barely misses you. x2
Damage: 1 (max 4)
The quasit bites you.
* * * LOW HITPOINT WARNING * * *
You feel clumsy. The quasit barely misses you.
The quasit claws you but does no damage.
Damage: 2 (max 4)
The quasit bites you.
* * * LOW HITPOINT WARNING * * *
The quasit closely misses you. The quasit claws you.
* * * LOW HITPOINT WARNING * * *
You feel clumsy.
Damage: 4 (max 4)
You feel better. The quasit barely misses you. The quasit closely misses you.
The quasit claws you.
* * * LOW HITPOINT WARNING * * *
You feel clumsy.
It was a potion of berserk rage.
A red film seems to cover your vision as you go berserk!
You feel yourself moving faster!
You feel mighty! The quasit completely misses you.
The quasit closely misses you. The quasit claws you.
* * * LOW HITPOINT WARNING * * *
Unknown command.
You closely miss the quasit. The quasit bites you.
* * * LOW HITPOINT WARNING * * *
You feel clumsy. The quasit closely misses you. The quasit barely misses you.
Damage: 1 (max 4) Unknown command.
You are too berserk!
You barely miss the quasit.
The quasit bites you but does no damage.
The quasit claws you but does no damage.
The quasit misses you. The quasit bites you.
* * * LOW HITPOINT WARNING * * *
The quasit claws you but does no damage.
The quasit claws you.
You die...

##.#[##.######........##.##
#....#.# #.....##.##>#
#......# ##.#.#.##.##.#
#....#.# #............#
#......# ##.##.##.#.####
#...#### #.....##.#.###
#.### ###.)#####.#...# #.#
#.....####.#...# #.#
#.....)@5..#.### #.##
#.....######.# #..# #.....#
#.# ###.### #.....# #.#
......# ####### #.# .##.#.#
########.# #.#.###
#........# #.....#
#.######## ###.#.# #.#


You could see a quasit.

Vanquished Creatures
  An orc priest (D:3)
  2 adders
  An ooze (D:3)
  2 worms (D:3)
  2 dart slugs
  A leopard gecko (D:1)
  3 orcs (D:3)
  A ball python (D:1)
  6 bats
  2 giant cockroaches (D:1)
  5 goblins
  4 hobgoblins
  4 jackals
  4 frilled lizards
  4 kobolds
  2 rats (D:3)
44 creatures vanquished.

Notes
Turn   | Place    | Note
-------+----------+-------------------------------------------
     0 | D:1      | Gorice the Deep Elf Fire Elementalist began the quest for the Orb.
     0 | D:1      | Reached XP level 1. HP: 10/10 MP: 6/6
    93 | D:1      | Reached skill level 2 in Conjurations
   126 | D:1      | Reached XP level 2. HP: 15/15 MP: 6/8
   644 | D:1      | Learned a level 2 spell: Throw Flame
   677 | D:1      | Reached skill level 3 in Conjurations
   912 | D:2      | Reached XP level 3. HP: 19/19 MP: 3/9
  1485 | D:2      | Learned a level 3 spell: Conjure Flame
  1770 | D:3      | Reached XP level 4. HP: 24/24 MP: 1/11
  2079 | D:3      | Reached skill level 4 in Fire Magic
  2358 | D:3      | HP: 7/24 [quasit (1)]
  2364 | D:3      | HP: 4/24 [quasit (2)]
  2368 | D:3      | Slain by a quasit

Vault maps used:
D:1:      dpeg_arrival_long_road
D:3:      chequers_temple_overflow_minitemple, first_ration,
          kennysheep_generic_room_14

Skill      XL: |  1  2  3  4 |
---------------+-------------+-----
Conjurations   | 2 3 |  3.9
Fire Magic     | 4 |  4.1
Dodging        | |  2.4
Stealth        | |  2.4
Spellcasting   | |  3.6

Action                   |  1- 3 |  4- 6 || total
-------------------------+-------+-------++-------
Melee: Hand axe          |     2 |    17 ||    19
 Cast: Flame Tongue      |    35 |     4 ||    39
       Throw Flame       |    26 |    14 ||    40
       Conjure Flame     |       |     2 ||     2
  Use: Scroll            |     5 |       ||     5
       Potion            |       |     3 ||     3
 Stab: Sleeping          |     1 |       ||     1
  Eat: Chunk             |     3 |     2 ||     5
Armor: Robe              |     1 |    21 ||    22
Dodge: Dodged            |    14 |    64 ||    78

Table legend:
 A = Spawn XP
 B = Non-spawn XP
 C = Spawn XP percentage of total XP
 D = Spawn monster count
 E = Non-spawn monster count
 F = Spawn count percentage of total count
 G = Total turns spent on level
                    A         B        C        D         E        F      G
               +---------+---------+-------+---------+---------+-------+---------
         Total |       0 |     159 |   0.0 |       0 |      44 |   0.0 |  2368
               +---------+---------+-------+---------+---------+-------+---------
           D:1 |       0 |      29 |   0.0 |       0 |      15 |   0.0 |   674
           D:2 |       0 |      39 |   0.0 |       0 |      14 |   0.0 |   812
           D:3 |       0 |      91 |   0.0 |       0 |      15 |   0.0 |   882
               +---------+---------+-------+---------+---------+-------+---------

Table legend:
 A = Turns spent in this place as a percentage of turns spent in the entire game.
 B = Non-inter-level travel turns spent in this place as a percentage of non-inter-level travel turns spent in the entire game.
 C = Inter-level travel turns spent in this place as a percentage of turns spent in this place.
 D = Turns resting spent in this place as a percentage of non-inter-level travel turns spent in this place.
 E = Turns spent auto-exploring this place as a percentage of non-inter-level travel turns spent in this place.
 F = Non-inter-level travel turns spent in this place divided by the number of levels of this place that you've seen.
                   A       B       C       D       E      F
               +-------+-------+-------+-------+-------+----------------------
         Total | 100.0 | 100.0 |   1.5 |  27.6 |  47.0 | 777.3
       Dungeon | 100.0 | 100.0 |   1.5 |  27.6 |  47.0 | 777.3
               +-------+-------+-------+-------+-------+----------------------

Vault maps used:
D:1:      dpeg_arrival_long_road
D:3:      chequers_temple_overflow_minitemple, first_ration,
          kennysheep_generic_room_14
